 Dungeon Crawl Stone Soup version 0.21-a0-584-g185da8e (webtiles) character file.

345 Spazmo the Magician (level 6, -2/32 HPs)
             Began as a Deep Elf Fire Elementalist on Dec 20, 2017.
             Slain by an ogre
             ... wielding a +0 giant club
              (25 damage)
             ... on level 4 of the Dungeon.
             The game lasted 00:07:08 (2577 turns).

Spazmo the Magician (Deep Elf Fire Elementalist)    Turns: 2577, Time: 00:07:09

Health: -2/32      AC:  2    Str:  5    XL:     6   Next: 32%
Magic:  8/16       EV: 13    Int: 22    God:
Gold:   170        SH:  3    Dex: 15    Spells: 0/15 levels left

rFire    . . .     SeeInvis .   n - +1 dagger (elec)
rCold    . . .     Gourm    .   (no shield)
rNeg     . . .     Faith    .   a - +0 robe
rPois    .         Spirit   .   h - +0 hat
rElec    .         Reflect  +   (no cloak)
rCorr    .         Harm     .   (no gloves)
MR       .....                  (no boots)
Stlth    ++........             f - +3 amulet of reflection
HPRegen  0.10/turn              (no ring)
MPRegen  0.15/turn              (no ring)

@: no status effects
A: no striking features
a: no special abilities


You were on level 4 of the Dungeon.
You were not hungry.

You visited 1 branch of the dungeon, and saw 4 of its levels.

You collected 170 gold pieces.

Inventory:

Hand Weapons
 n - a +1 dagger of electrocution (weapon)
Missiles
 o - 96 stones (quivered)
Armour
 a - a +0 robe (worn)
 h - a +0 hat (worn)
Jewellery
 f - a +3 amulet of reflection (around neck)
Wands
 p - a wand of flame (35)
Scrolls
 d - a scroll of magic mapping
 i - 2 scrolls of identify
 q - 2 scrolls of teleportation
Potions
 j - a potion of cancellation {unknown}
 k - a potion of flight {unknown}
 l - a potion of mutation {unknown}
 m - a potion of heal wounds
Books
 b - a book of Flames

   Spells                             Type                      Level
   a - Flame Tongue                   Conjuration/Fire             1
   b - Throw Flame                    Conjuration/Fire             2
   c - Conjure Flame                  Conjuration/Fire             3
   d - Inner Flame                    Hexes/Fire                   3
   e - Sticky Flame                   Conjuration/Fire             4
   f - Fireball                       Conjuration/Fire             5
Comestibles
 c - 5 rations
 g - 6 chunks of flesh


   Skills:
 - Level 3.1 Dodging
 - Level 3.0 Stealth
 + Level 5.4 Spellcasting
 + Level 3.8 Conjurations
 + Level 5.0 Fire Magic


You couldn't memorise any spells.
You knew the following spells:

 Your Spells              Type           Power        Failure   Level  Hunger
a - Flame Tongue          Conj/Fire      ####.        1%          1    None
b - Throw Flame           Conj/Fire      ####..       2%          2    None
c - Conjure Flame         Conj/Fire      ####....     4%          3    ##.....
d - Sticky Flame          Conj/Fire      ####....     16%         4    ####...
e - Fireball              Conj/Fire      ####......   38%         5    #####..


Dungeon Overview and Level Annotations

Branches:
Dungeon (4/15)
 Temple: D:4-7

Altars:


Message History

The flame tongue hits the ogre.
The ogre is moderately wounded.
Casting: Flame Tongue
Confirm with . or Enter, or press ? or * to list all spells.
Aiming: Flame Tongue
Press: ? - help, Shift-Dir - straight line, f/p - ogre
Aim: an ogre, wielding a giant club (moderately wounded)
The flame tongue hits the ogre.
The ogre is moderately wounded.
Casting: Flame Tongue
Confirm with . or Enter, or press ? or * to list all spells.
Aiming: Sticky Flame
Press: ? - help, Shift-Dir - straight line, f/p - ogre
Aim: an ogre, wielding a giant club (moderately wounded)
The sticky flame hits the ogre.
The ogre is severely wounded.
The ogre is covered in liquid flames!
The ogre burns!
The ogre hits you with a giant club!!
Ouch! That really hurt!
You die...

.... ...#
#..####..#######.#.##
.#....................
.....>.......<.....(..
...........###.##.#.##
.#.........###.##.#..###
..............))).......
#.......................
......O@..........#.....
.......!...###..#.# ..##
.................... ...
........................
...................... .
...#..................
...#...##..##.#..#...
....... ...# .#......
.#... #..# #


You could see an ogre (burning).

Vanquished Creatures
  The ghost of loopi the Skirmisher, a weakling OgHu (D:3)
  Jessica (D:3)
  Terence (D:2)
  Natasha (thrice) (D:2)
  A worker ant (D:4)
  4 gnolls (D:4)
  4 adders
  2 oozes
  A worm (D:3)
  3 dart slugs
  A leopard gecko (D:3)
  An orc (D:3)
  A giant cockroach (D:3)
  7 goblins
  9 hobgoblins
  2 kobolds
  A quokka (D:3)
  A ball python (D:1)
  4 bats
  3 frilled lizards (D:1)
  A leopard gecko skeleton (D:4)
  7 rats
59 creatures vanquished.

Notes
Turn   | Place    | Note
-------+----------+-------------------------------------------
     0 | D:1      | Spazmo the Deep Elf Fire Elementalist began the quest for the Orb.
     0 | D:1      | Reached XP level 1. HP: 10/10 MP: 6/6
   155 | D:1      | Reached XP level 2. HP: 14/15 MP: 0/8
   162 | D:1      | Learned a level 2 spell: Throw Flame
   921 | D:2      | Reached XP level 3. HP: 19/19 MP: 4/9
  1044 | D:2      | Noticed Natasha
  1064 | D:2      | Killed Natasha
  1122 | D:2      | Noticed Natasha
  1134 | D:2      | Killed Natasha
  1134 | D:2      | Reached XP level 4. HP: 15/24 MP: 5/11
  1181 | D:2      | Noticed Natasha
  1189 | D:2      | Killed Natasha
  1405 | D:2      | Reached XP level 5. HP: 23/28 MP: 8/13
  1415 | D:2      | Learned a level 3 spell: Conjure Flame
  1420 | D:2      | Learned a level 4 spell: Sticky Flame
  1427 | D:2      | Noticed Terence
  1524 | D:2      | Killed Terence
  2001 | D:3      | Noticed loopi's ghost (weakling OgHu)
  2004 | D:3      | Noticed Jessica
  2050 | D:3      | Killed loopi's ghost
  2050 | D:3      | Reached skill level 5 in Spellcasting
  2075 | D:3      | Killed Jessica
  2075 | D:3      | Reached XP level 6. HP: 32/32 MP: 6/15
  2082 | D:3      | Learned a level 5 spell: Fireball
  2437 | D:4      | Reached skill level 5 in Fire Magic
  2577 | D:4      | Slain by an ogre

Vault maps used:
D:1:      saegor_arrival_simple_b
D:2:      uniq_natasha, uniq_terence
D:3:      minivault_25, uniq_jessica
D:4:      kennysheep_mini_moat, nicolae_overflow_hidden_temple, first_ration,
          glass_columns_a

Skill      XL: |  1  2  3  4  5  6 |
---------------+-------------------+-----
Stealth        | 3 |  3.0
Dodging        | 3 |  3.1
Conjurations   | 2 3 |  3.8
Fire Magic     | 4 5 |  5.0
Spellcasting   | 4 5 |  5.4

Action                   |  1- 3 |  4- 6 || total
-------------------------+-------+-------++-------
Melee: Club              |     3 |       ||     3
Throw: Stone             |       |     1 ||     1
 Cast: Flame Tongue      |    41 |    89 ||   130
       Throw Flame       |     2 |     3 ||     5
       Sticky Flame      |       |     2 ||     2
       Conjure Flame     |       |     1 ||     1
  Use: Scroll            |     5 |     4 ||     9
       Potion            |       |     1 ||     1
  Eat: Chunk             |     1 |     4 ||     5
Armor: Robe              |     1 |       ||     1
Dodge: Dodged            |    10 |    14 ||    24
Block: Other             |       |     1 ||     1

Table legend:
 A = Spawn XP
 B = Non-spawn XP
 C = Spawn XP percentage of total XP
 D = Spawn monster count
 E = Non-spawn monster count
 F = Spawn count percentage of total count
 G = Total turns spent on level
                    A         B        C        D         E        F      G
               +---------+---------+-------+---------+---------+-------+---------
         Total |       0 |     494 |   0.0 |       0 |      59 |   0.0 |  2577
               +---------+---------+-------+---------+---------+-------+---------
           D:1 |       0 |      26 |   0.0 |       0 |      12 |   0.0 |   902
           D:2 |       0 |     211 |   0.0 |       0 |      24 |   0.0 |   823
           D:3 |       0 |     167 |   0.0 |       0 |      17 |   0.0 |   694
           D:4 |       0 |      90 |   0.0 |       0 |       6 |   0.0 |   158
               +---------+---------+-------+---------+---------+-------+---------
